cohdb
Replays
Latest Replays
All Replays
Popular Replays
Top Player Replays
Match Explorer
How It Works
Community
CoH3 Stats
Reddit
Sign in to upload your games and track your stats! →
Sign in with Steam
Match 44948914
Unlisted
Match 44948914
Overview
Messages
Build Orders
End
Kradschützen Motorcycle Team
Selects Battlefield Espionage Battlegroup
Selects Sector Subterfuge Beacon
Panzergrenadier Squad
Panzergrenadier Squad
Construct Light Support Kompanie
MG34 Team
2.5-tonne Medical Truck
Construct Mechanized Kompanie
Selects Plunder
Support Armor Elements
Marder III Tank Destroyer
le.IG 18 Mechanized Group
Combat Half-tracks
AI Takeover
重慶森林
C_U_M_Unity HUSTLER
Guru
Karl Müller
0
0
Comments
sign in to comment!
No comments posted yet!